 Dungeon Crawl Stone Soup version 0.27.1-3-gb3d3a73c9e (webtiles) character file.

Game seed: 3118146012307067987

3280 belegose the Charlatan (level 9, 0/69 HPs)
             Began as a Demonspawn Artificer on Oct 16, 2021.
             Was an Initiate of Cheibriados.
             Slain by a troll (10 damage)
             ... on level 7 of the Dungeon.
             The game lasted 00:22:05 (7091 turns).

belegose the Charlatan (Demonspawn Artificer)       Turns: 7091, Time: 00:22:06

Health: 0/69       AC: 20    Str: 16    XL:     9   Next: 69%
Magic:  9/9        EV:  7    Int: 20    God:    Cheibriados [......]
Gold:   297        SH:  0    Dex: 15    Spells: 8/8 levels left

rFire    . . .     SeeInvis .   b - +2 war axe (freeze)
rCold    . . .     Faith    .   (no shield)
rNeg     . . .     Spirit   .   n - +0 chain mail
rPois    .         Reflect  .   s - +0 helmet
rElec    .         Harm     .   (no cloak)
rCorr    +         Rampage  .   (no gloves)
Will     .....                  (no boots)
Stlth    ..........             i - amulet of regeneration
HPRegen  1.21/turn              u - ring of resist corrosion
MPRegen  0.11/turn              A - +6 ring of intelligence

@: sanguine armoured, very slow
A: claws 2, demonic guardian 1, sanguine armour 2
a: Renounce Religion, Bend Time


You were on level 7 of the Dungeon.
You worshipped Cheibriados.
Cheibriados was noncommittal.
You visited 2 branches of the dungeon, and saw 8 of its levels.
You also visited: Sewer and Ossuary.

You collected 297 gold pieces.

Inventory:

Hand Weapons
 a - a +0 trident
 b - a +2 war axe of freezing (weapon)
 p - the +5 mace of Gehenna {vamp, rN+ Str-2 SInv}
   (You found it in a sewer)

   It occasionally heals its wielder for a portion of the damage dealt when it
   wounds a living foe.
   Str:       It affects your strength (-2).
   rN:        It protects you from negative energy.
   SInv:      It lets you see invisible.
 B - a +4 scimitar
Missiles
 f - 95 stones (quivered)
 k - 5 datura-tipped darts
 L - 3 boomerangs
 O - 5 javelins
 S - a throwing net
Armour
 j - a +0 ring mail
 n - a +0 chain mail (worn)
 s - a +0 helmet (worn)
Magical Staves
 w - a staff of fire
 M - a staff of air
Jewellery
 i - an amulet of regeneration (around neck)
 u - a ring of resist corrosion (left claw)
 A - a +6 ring of intelligence (right claw)
Wands
 c - a wand of flame (11)
 d - a wand of charming (9)
 y - a wand of iceblast (6)
 P - a wand of mindburst (21)
Scrolls
 h - 6 scrolls of identify {unknown}
 m - 6 scrolls of teleportation {unknown}
 o - 3 scrolls of enchant armour {unknown}
 r - 2 scrolls of noise {unknown}
 t - 2 scrolls of magic mapping {unknown}
 v - a scroll of torment {unknown}
 x - a scroll of fear {unknown}
 D - a scroll of holy word {unknown}
 F - 2 scrolls of blinking {unknown}
 J - a scroll of amnesia {unknown}
 N - a scroll of vulnerability {unknown}
Potions
 g - 5 potions of curing {unknown}
 l - a potion of berserk rage {unknown}
 q - a potion of brilliance {unknown}
 z - 3 potions of flight {unknown}
 C - 2 potions of resistance {unknown}
 E - a potion of haste {unknown}
 G - a potion of magic {unknown}
 H - a potion of cancellation {unknown}
 I - a potion of heal wounds {unknown}
 K - a potion of lignification {unknown}
 Q - a potion of degeneration {unknown}
Miscellaneous
 e - a piece from Xom's chessboard (15/15)


   Skills:
 + Level 6.1 Fighting
 + Level 5.2 Polearms
 + Level 5.5 Throwing
 + Level 5.9 Armour
 - Level 0.8 Dodging
 - Level 0.8 Stealth
 + Level 6.8 Evocations


You had 8 spell levels left.
You didn't know any spells.
Your spell library contained the following spells:

 Spells                   Type           Power      Damage    Failure   Level
 Sting                    Tmut/Pois      0%         1d3       95%         1
 Poisonous Vapours        Pois/Air       0%         N/A       99%         2
 Gell's Gravitas          Tloc           0%         N/A       100%        3
 Lesser Beckoning         Tloc           0%         N/A       100%        3
 Teleport Other           Tloc           0%         N/A       100%        3
 Olgreb's Toxic Radiance  Pois           0%         N/A       100%        4


Dungeon Overview and Level Annotations

Branches:
Dungeon (7/15)             Temple (1/1) D:6           Sewer (visited)
Ossuary (visited)

Altars:
Ashenzari
Cheibriados
Dithmenos
Elyvilon
Fedhas
Gozag
Hepliaklqana
Kikubaaqudgha
Makhleb
Nemelex Xobeh
Okawaru
Qazlal
Sif Muna
Trog
Uskayaw
Xom
Yredelemnul
Zin
The Shining One

Shops:
D:4 *

Annotations:
D:4 3 runed translucent doors, exclusion: 3 doors, Whoops's ghost, amateur DsFi; azzazzello's ghost, amateur GnWn; scottley's ghost, amateur TrMo


Innate Abilities, Weirdness & Mutations

You have very sharp fingernails.
A weak demonic guardian rushes to your aid.
When seriously injured, your bleeding wounds create thick armour. (AC +9)


Message History

You throw a poisoned dart. The poisoned dart hits the troll.
The troll looks as sick as possible!
The troll is lightly wounded.
The troll bites you but does no damage. The troll claws you but does no damage.
The troll barely misses you.
You hit the troll but do no damage.
The troll is lightly wounded.
The troll bites you! The troll closely misses you.
The troll claws you but does no damage.
You hit the troll but do no damage.
The troll is lightly wounded.
The troll bites you. The troll barely misses you. The troll claws you.
You slash the troll! You freeze the troll.
The troll is moderately wounded.
The troll bites you but does no damage. The troll claws you!
Your blood congeals into armour.
The troll claws you but does no damage. The troll bites you but does no damage.
The troll claws you but does no damage. The troll completely misses you.
You hit the troll but do no damage.
The troll is moderately wounded.
The troll bites you! The troll claws you but does no damage.
The troll claws you.
Aiming: Mindburst
Press: ? - help, Shift-Dir - straight line, f/p - troll
Aim: a troll (moderately wounded, very poisoned, chance to affect: 86%)
The troll barely resists.
The troll bites you! The troll claws you but does no damage.
The troll claws you!
* * * LOW HITPOINT WARNING * * *
A demonic guardian appears!
Unknown command.
Unknown command.
Unknown command.
The troll bites you!
* * * LOW HITPOINT WARNING * * *
The troll claws you but does no damage. The troll completely misses you.
Unknown command.
Your shadow imp closely misses the troll.
Your shadow imp barely misses the troll.
The troll bites you but does no damage. The troll claws you!
You die...

######## #.....#######
..#....###...........#
...............#####.#
(.#...........[#...#.#
.(.............)...#.#
###...........#..#...#
........>######..#.###
#######..##......#.#
..# #..##.####@#.# ..#
#.......5T.#.# ..#
#####.#.##...# ..#
####...##.##### ..#
#.............#
########.............#
............<........#
.....................#
.....................#


You could see a troll (poisoned, ally target) and a friendly shadow imp
(summoned).

Vanquished Creatures
  Harold (D:6)
  Sigmund (D:2)
  A wyvern (D:6)
  An orc warrior (D:4)
  2 sky beasts
  2 necrophages
  2 ogres
  A phantom (D:6)
  2 elf zombies (Ossuary)
  A bullfrog (Sewer)
  A kobold brigand (D:7)
  3 scorpions
  2 wyvern skeletons (D:7)
  2 wights (D:5)
  A centaur zombie (D:5)
  3 bullfrog zombies (D:6)
  2 orc priests
  4 hounds
  2 jellies (D:5)
  A centaur skeleton (D:5)
  An iguana (D:5)
  2 scorpion zombies (D:5)
  Natasha (thrice) (D:4)
  2 orc wizards
  A hound skeleton (D:4)
  2 howler monkey zombies (D:5)
  3 mummies (Ossuary)
  7 adders
  A gnoll (D:5)
  2 river rats (D:3)
  4 white imps
  An ufetubus (D:5)
  An adder zombie (Ossuary)
  An adder skeleton (D:4)
  2 worms (D:3)
  3 dart slugs (D:1)
  22 orcs
  4 ball pythons
  9 endoplasms
  9 giant cockroaches
  A gnoll zombie (Ossuary)
  3 goblins
  2 hobgoblins
  5 quokkas
  6 bats
  7 frilled lizards
  4 goblin zombies (Ossuary)
  A hobgoblin zombie (Ossuary)
  11 kobolds
  4 kobold zombies (Ossuary)
  An orc zombie (Ossuary)
  3 quokka zombies (Ossuary)
  9 rats
  A rat zombie (Ossuary)
173 creatures vanquished.

Vanquished Creatures (collateral kills)
  An ogre (D:5)
  A wight (D:5)
  A hound (D:5)
  An iguana (D:5)
4 creatures vanquished.

Vanquished Creatures (others)
  A hound (D:6)
1 creature vanquished.

Grand Total: 178 creatures vanquished

Notes
Turn   | Place    | Note
-------+----------+-------------------------------------------
     0 | D:1      | belegose the Demonspawn Artificer began the quest for the
                  | Orb.
     0 | D:1      | Reached XP level 1. HP: 15/15 MP: 1/1
   370 | D:1      | Gained mutation: You have sharp fingernails. [demonic
                  | ancestry]
   370 | D:1      | Reached XP level 2. HP: 21/21 MP: 2/2
   525 | D:1      | Reached skill level 1 in Throwing
   882 | D:2      | Reached XP level 3. HP: 26/26 MP: 3/3
   896 | D:2      | Noticed Sigmund
  1108 | D:3      | Found a hazy altar of Hepliaklqana.
  1133 | D:3      | Found a faded altar of an unknown god.
  1276 | D:3      | Noticed a scorpion
  1283 | D:3      | Killed a scorpion
  1284 | D:3      | Gained mutation: When seriously injured, your bleeding
                  | wounds create armour. (AC +9) [demonic ancestry]
  1284 | D:3      | Reached XP level 4. HP: 15/33 MP: 4/4
  1373 | D:3      | Reached skill level 1 in Polearms
  1391 | D:3      | Gained mutation: You have very sharp fingernails. [demonic
                  | ancestry]
  1391 | D:3      | Reached XP level 5. HP: 39/39 MP: 5/5
  1409 | D:3      | Found a glowing drain.
  1418 | Sewer    | Entered a sewer
  1701 | Sewer    | Identified the +5 mace of Gehenna {vamp, rN+ Str-2 SInv}
  2244 | D:2      | Gained mutation: When seriously injured, your bleeding
                  | wounds create thick armour. (AC +9) [demonic ancestry]
  2244 | D:2      | Reached XP level 6. HP: 46/46 MP: 6/6
  2256 | D:2      | Found an iron altar of Okawaru.
  2328 | D:2      | Killed Sigmund
  2849 | D:4      | Found Ywolupn's General Store.
  2872 | D:4      | Noticed Natasha
  2880 | D:4      | Killed Natasha
  2930 | D:4      | Noticed Natasha
  2937 | D:4      | Killed Natasha
  3052 | D:4      | You fall into a shaft and drop 2 floors!
  3091 | D:5      | Entered Level 5 of the Dungeon
  3102 | D:5      | Gained mutation: A weak demonic guardian rushes to your
                  | aid. [demonic ancestry]
  3102 | D:5      | Reached XP level 7. HP: 52/52 MP: 7/7
  3430 | D:5      | Found a sand-covered staircase.
  3438 | Ossuary  | Entered an ossuary
  3561 | Ossuary  | Reached skill level 5 in Evocations
  3615 | Ossuary  | Reached XP level 8. HP: 51/60 MP: 8/8
  3780 | D:4      | Found a hide-covered altar of Uskayaw.
  3970 | D:4      | Noticed Natasha
  3977 | D:4      | Killed Natasha
  4013 | D:4      | Found a runed translucent gate.
  4013 | D:4      | Found a runed translucent gate.
  4013 | D:4      | Found a runed translucent gate.
  4014 | D:4      | Noticed scottley's ghost (amateur TrMo)
  4015 | D:4      | Noticed Whoops's ghost (amateur DsFi)
  4015 | D:4      | Noticed azzazzello's ghost (amateur GnWn)
  4350 | D:5      | Found a shadowy altar of Dithmenos.
  5048 | D:6      | Reached skill level 5 in Fighting
  5085 | D:6      | Reached skill level 5 in Armour
  5382 | D:6      | Reached XP level 9. HP: 57/68 MP: 9/9
  5544 | D:6      | Found a staircase to the Ecumenical Temple.
  5552 | Temple   | Entered the Ecumenical Temple
  6510 | D:7      | Reached skill level 5 in Throwing
  6578 | D:7      | Noticed a troll
  6732 | D:7      | Found a basalt altar of Yredelemnul.
  6738 | D:7      | Found a bloodstained altar of Trog.
  6741 | D:7      | Found a burning altar of Makhleb.
  6741 | D:7      | Found a sparkling altar of Nemelex Xobeh.
  6742 | D:7      | Found a snail-covered altar of Cheibriados.
  6743 | D:7      | Found a shimmering blue altar of Sif Muna.
  6754 | D:7      | Became a worshipper of Cheibriados the Contemplative
  6774 | D:7      | Noticed Harold
  6998 | D:6      | Killed Harold
  6999 | D:6      | Reached skill level 5 in Polearms
  7091 | D:7      | Slain by a troll

Illustrated notes

Levels and vault maps discovered:
D:1:      psy_arrival_terrarium, layout_basic, hangedman_feature_mirror,
          minivault_24
D:2:      layout_rooms, basic_altar, serial_forest, infiniplex_forest_lined_1,
          infiniplex_forest_join, infiniplex_forest_lined_room_3,
          infiniplex_forest_zigzag_1, uniq_sigmund
D:3:      layout_loops_ring, nzn_hepliaklqana_mist_gate,
          lightli_sewer_entry_pipes, ebering_ecumenical_altar_hall
D:4:      layout_loops_cross, nicolae_elyvilon_temple_path,
          overflow_temple_1_default, gammafunk_ghost_cemetery, serial_shops,
          shop, uniq_natasha
D:5:      layout_loops_ring, grunt_dithmenos_smoke_and_mirrors, enter_ossuary_2,
          minmay_circle_x
D:6:      layout_basic, minmay_temple_entry_tees
D:7:      layout_basic, minitemple, uniq_harold, uniq_crazy_yiuf_cottage
Temple:   compressed_dpeg_triangle_lava_temple

Skill      XL: |  1  2  3  4  5  6  7  8  9 |
---------------+----------------------------+-----
Armour         | 2 3 4 5 |  5.9
Throwing       | 1 2 3 4 5 |  5.5
Fighting       | 2 3 4 5 6 |  6.1
Polearms       | 1 2 3 4 5 |  5.2
Evocations     | 4 5 6 |  6.8
Dodging        | |  0.8
Stealth        | |  0.8

Action                   |  1- 3 |  4- 6 |  7- 9 || total
-------------------------+-------+-------+-------++-------
Melee: Club              |    74 |       |       ||    74
       Short sword       |    72 |       |       ||    72
       War axe           |     8 |   152 |   312 ||   472
       Trident           |     5 |       |       ||     5
       Scimitar          |       |       |    16 ||    16
Throw: Stone             |     4 |       |     5 ||     9
       Boomerang         |       |       |    11 ||    11
       Dart              |       |       |     5 ||     5
Evoke: Wand              |       |       |    16 ||    16
Armor: Leather armour    |    22 |       |       ||    22
       Ring mail         |    40 |       |       ||    40
       Chain mail        |    12 |    92 |   258 ||   362
Dodge: Dodged            |    97 |    54 |   124 ||   275
       Rpst.: Scimitar   |       |       |     3 ||     3
